 Dungeon Crawl Stone Soup version 0.31.0-11-ge490571c62 (webtiles) character file.

Game seed: 16769360818195082863

4468781 Minsecho the Ninja (level 27, 209/209 HPs)
             Began as a Spriggan Monk on Feb 3, 2024.
             Was a High Priest of Wu Jian.
             Escaped with the Orb
             ... and 5 runes
             ... and 10 gems on Feb 4, 2024!
             The game lasted 05:23:11 (61861 turns).

Minsecho the Ninja (Spriggan Monk)                 Turns: 61861, Time: 05:23:12

Health: 209/209    AC: 41    Str: 13    XL:     27
Magic:  32/32      EV: 56    Int: 22    God:    Wu Jian [*****.]
Gold:   2233       SH: 13    Dex: 33    Spells: 1/42 levels left

rFire   + + .        a - +9 rapier (elec)
rCold   + + .        r - +3 warlock's mirror {omnireflect}
rNeg    + + .        d - melded +2 robe {rF+}
rPois   ∞            V - +1 hat "Sout" {rC+ Dex+6}
rElec   +            S - +4 dragonskin cloak
rCorr   .            (gloves unavailable)
SInv    +            (boots unavailable)
Will    ++++.        f - amulet of Vitality {RegenMP++ Regen++}
Stlth   ++++         C - ring of Huniloj {rC+ rN+ Str+3 Int+4}
HPRegen 2.14/turn    F - ring of Uskatz {rF+ Dex+3 Slay+4}
MPRegen 1.03/turn

%: reflection
@: statue-form, studying 2 skills, very slow
A: slow and powerful, torment resistance 1, boosted hp, very small, no large
weapons, unfitting armour, see invisible, (speed 3), talons 1, (iridescent
scales 1), clever 1, fire resistance 1, low MP 1
0: Orb of Zot
}: 5/15 runes: serpentine, barnacled, slimy, silver, abyssal
a: Begin Untransformation, Renounce Religion, Wall Jump, Serpent's Lash,
Heavenly Storm


You escaped.
You worshipped Wu Jian.
Wu Jian was extremely pleased with you.
You were a living statue of rough stone.
You visited 14 branches of the dungeon, and saw 59 of its levels.
You visited the Abyss 1 time.
You visited 1 bazaar.
You also visited: Sewer, Gauntlet and Ice Cave.

You collected 7079 gold pieces.
You spent 4846 gold pieces at shops.

Inventory:

Hand Weapons
 a - a +9 rapier of electrocution (weapon)
 b - the +8 Vampire's Tooth {megavamp}
   (You acquired it on level 7 of the Dungeon)
Missiles
 z - 3 throwing nets
Armour
 d - a +2 robe of fire resistance (melded)
 r - the +3 warlock's mirror (worn) {omnireflect}
   (You bought it in a shop on level 1 of the Shoals)

   Omnireflect: It can block and reflect piercing ranged attacks and magical
   attacks against the wielder's willpower.
 S - the +4 dragonskin cloak (worn)
   (You took it off Tiamat on level 2 of the Realm of Zot)

   Avatar's Aegis: It grants the wearer a chance to resist fire, cold, poison,
   electricity, acid, and negative energy.
 V - the +1 hat "Sout" (worn) {rC+ Dex+6}
   (You acquired it on level 1 of the Crypt)

   Dex+6:     It affects your dexterity (+6).
   rC+:       It protects you from cold.
Jewellery
 f - the amulet of Vitality (around neck) {RegenMP++ Regen++}
   (You found it on level 3 of the Elven Halls)

   [amulet of magic regeneration]

   RegenMP:   It increases your rate of magic regeneration.
   Regen++:   It increases your rate of health regeneration.
 u - an amulet of guardian spirit
 w - a ring of flight
 C - the ring of Huniloj (left fist) {rC+ rN+ Str+3 Int+4}
   (You found it on level 5 of the Vaults)

   [ring of positive energy]

   Str+3:     It affects your strength (+3).
   Int+4:     It affects your intelligence (+4).
   rC+:       It protects you from cold.
   rN+:       It protects you from negative energy.
 D - the ring of Dishonesty {Fire *Slow rElec Int-2 SInv}
   (You found it in an ice cave)

   [ring of fire]

   Fire:      It enhances your fire magic.
   Int-2:     It affects your intelligence (-2).
   rF+:       It protects you from fire.
   rC-:       It makes you vulnerable to cold.
   rElec:     It insulates you from electricity.
   SInv:      It lets you see invisible.
   *Slow:     It may slow you when you take damage.
 F - the ring of Uskatz (right fist) {rF+ Dex+3 Slay+4}
   (You bought it in a shop on level 4 of the Dungeon)

   [ring of slaying]

   Dex+3:     It affects your dexterity (+3).
   Slay+4:    It affects your accuracy & damage with ranged weapons and melee
   (+4).
   rF+:       It protects you from fire.
 X - the ring "Rudable" {rPois rC++ rCorr Dex-5 Slay+4}
   (You found it on level 5 of the Vaults)

   [ring of slaying]

   Dex-5:     It affects your dexterity (-5).
   Slay+4:    It affects your accuracy & damage with ranged weapons and melee
   (+4).
   rC++:      It greatly protects you from cold.
   rPois:     It protects you from poison rCorr: It protects you from acid and
   corrosion.
Talismans
 s - a granite talisman (active)
 Q - the beast talisman of the Red Skies {rElec rF- rN+ Will+}
   (You bought it in a shop on level 4 of the Dungeon)

   [beast talisman]

   rF-:       It makes you vulnerable to fire.
   rElec:     It insulates you from electricity.
   rN+:       It protects you from negative energy.
   Will+:     It increases your willpower.
Wands
 x - a wand of charming (65)
 G - a wand of quicksilver (34)
 I - a wand of mindburst (38)
 J - a wand of flame (64) (quivered)
 R - a wand of digging (30)
 T - a wand of iceblast (36)
 Z - a wand of polymorph (24)
Scrolls
 c - 10 scrolls of enchant armour
 h - 7 scrolls of butterflies
 k - 13 scrolls of teleportation
 l - 13 scrolls of immolation
 n - a scroll of silence
 p - a scroll of blinking
 y - 13 scrolls of fog
 A - 4 scrolls of vulnerability
 E - 7 scrolls of fear
 Y - 4 scrolls of poison
Potions
 g - 8 potions of magic
 i - 9 potions of enlightenment
 j - 8 potions of lignification
 m - a potion of resistance
 o - 8 potions of cancellation
 q - a potion of berserk rage
 t - 4 potions of brilliance
 v - 23 potions of curing
 H - 4 potions of invisibility
 K - 2 potions of might
 O - a potion of haste
 W - 5 potions of attraction
Miscellaneous
 B - a box of beasts
 M - a condenser vane
 N - a phantom mirror
 P - a lightning rod (4/4)
 U - a phial of floods


   Skills:
 * Level 21.8 Fighting
 + Level 21.7 Short Blades
 + Level 1.6 Throwing
 + Level 24.8 Dodging
 O Level 27 Stealth
 + Level 13.7 Shields
 + Level 8.1 Spellcasting
 + Level 0.6 Conjurations
 + Level 12.1 Hexes
 + Level 0.8 Summonings
 + Level 7.0 Translocations
 - Level 4.0 Ice Magic
 + Level 0.4 Air Magic
 + Level 4.7 Earth Magic
 + Level 11.1 Alchemy
 + Level 6.2 Evocations
 * Level 22.6 Shapeshifting


You had one spell level left.
You knew the following spells:

 Your Spells              Type           Power      Damage    Failure   Level
a - Mercury Vapours       Alch/Air       68%        N/A       1%          2
b - Blink                 Tloc           80%        N/A       1%          2
c - Mephitic Cloud        Conj/Alch/Air  26%        N/A       4%          3
d - Freeze                Ice            100%       1d10      1%          1
e - Leda's Liquefaction   Alch/Erth      21%        N/A       3%          4
f - Cause Fear            Hex            29%        N/A       1%          4
g - Inner Flame           Hex/Fire       35%        N/A       2%          3
h - Ensorcelled Hibernat  Hex/Ice        88%        N/A       1%          2
i - Confusing Touch       Hex            58%        N/A       1%          3
j - Ozocubu's Armour      Ice            26%        N/A       4%          3
k - Slow                  Hex            100%       N/A       1%          1
l - Call Imp              Summ           24%        N/A       10%         2
m - Swiftness             Air            10%        N/A       22%         3
n - Tukima's Dance        Hex            58%        N/A       1%          3
o - Summon Small Mammal   Summ           48%        N/A       6%          1
p - Petrify               Alch/Erth      43%        N/A       3%          4

Your spell library contained the following spells:

 Spells                   Type           Power      Damage    Failure   Level
 Sandblast                Erth           58%        2d13      1%          1
 Magic Dart               Conj           44%        1d5       7%          1
 Kiss of Death            Conj/Necr      40%        2d8       8%          1
 Necrotise                Necr           32%        1d5       9%          1
 Yara's Violent Unravell  Hex/Alch       28%        3d12      1%          5
 Cigotuvi's Dreadful Rot  Necr/Alch/Air  50%        N/A       2%          2
 Passwall                 Erth           29%        N/A       3%          3
 Frozen Ramparts          Ice            52%        1d8       4%          3
 Manifold Assault         Tloc           40%        N/A       4%          4
 Passage of Golubria      Tloc           40%        N/A       4%          4
 Volatile Blastmotes      Fire/Tloc      48%        2d14      6%          3
 Anguish                  Hex/Necr       17%        N/A       7%          4
 Fulminant Prism          Conj/Alch      17%        3d11      8%          4
 Stone Arrow              Conj/Erth      40%        3d9       9%          3
 Sticky Flame             Fire/Alch      33%        2d7       9%          4
 Metabolic Englaciation   Hex/Ice        22%        N/A       9%          5
 Summon Ice Beast         Ice/Summ       19%        N/A       10%         3
 Static Discharge         Conj/Air       22%        3-4/arc   11%         2
 Hailstorm                Conj/Ice       19%        3d7       11%         3
 Scorch                   Fire           16%        2d5       13%         2
 Eringya's Noxious Bog    Alch           27%        4d6       14%         6
 Summon Mana Viper        Hex/Summ       37%        N/A       17%         5
 Iskenderun's Mystic Bla  Conj/Tloc      25%        2d7       19%         4
 Irradiate                Conj/Alch      17%        3d17      22%         5
 Vampiric Draining        Necr           8%         2d6       26%         3
 Animate Armour           Summ/Erth      42%        N/A       28%         4
 Brom's Barrelling Bould  Conj/Erth      20%        2d4       28%         4
 Lee's Rapid Deconstruct  Erth           14%        3d9*      34%         5
 Summon Forest            Summ/Tloc      13%        N/A       43%         5
 Enfeeble                 Hex            29%        N/A       45%         7
 Sculpt Simulacrum        Ice/Alch       21%        N/A       52%         6
 Summon Lightning Spire   Summ/Air       11%        N/A       56%         4
 Airstrike                Air            5%         2d(1-17)  58%         4
 Martyr's Knell           Necr/Summ      10%        N/A       58%         4
 Summon Blazeheart Golem  Fire/Summ      10%        N/A       58%         4
 Dispersal                Tloc           20%        N/A       58%         6
 Flame Wave               Conj/Fire      10%        2d6       61%         4
 Animate Dead             Necr           8%         N/A       65%         4
 Dispel Undead            Necr           8%         3d8       65%         4
 Borgnjor's Vile Clutch   Necr/Erth      9%         N/A       67%         5
 Freezing Cloud           Conj/Ice/Air   8%         6-21      77%         5
 Iskenderun's Battlesphe  Conj           11%        2d7       88%         5
 Fireball                 Conj/Fire      5%         3d5       91%         5
 Curse of Agony           Necr           8%         N/A       94%         5
 Discord                  Hex            29%        N/A       98%         8
 Conjure Ball Lightning   Conj/Air       5%         3x3d6     100%        6
 Death Channel            Necr           4%         N/A       100%        6
 Summon Cactus Giant      Summ           6%         N/A       100%        6
 Haunt                    Necr/Summ      5%         N/A       100%        7
 Orb of Destruction       Conj           5%         9d5       100%        7
 Ozocubu's Refrigeration  Ice            13%        4d10      100%        7
 Spellforged Servitor     Conj/Summ      6%         N/A       100%        7
 Summon Hydra             Summ           6%         N/A       100%        7
 Disjunction              Tloc           20%        N/A       100%        8
 Infestation              Necr           4%         N/A       100%        8
 Lehudib's Crystal Spear  Conj/Erth      10%        10d4      100%        8
 Polar Vortex             Ice            13%        12d1*     100%        9
 Sublimation of Blood     Necr           Unusable   N/A       N/A         2

Dungeon Overview and Level Annotations

Branches:
Dungeon (15/15)            Temple (1/1) D:5            Lair (5/5) D:10
 Shoals (4/4) Lair:3        Snake (4/4) Lair:2        Slime (5/5) Lair:5
    Orc (2/2) D:10            Elf (3/3) Orc:2        Vaults (5/5) D:13
  Crypt (3/3) Vaults:2       Tomb (2/3) Crypt:3      Depths (4/4) D:15
   Hell (visited)             Zot (5/5) Depths:4      Sewer (visited)
  IceCv (visited)         Gauntlet (visited)
    Dis: Hell:1         Geh: Hell:1         Coc: Hell:1         Tar: Hell:1

Altars:
Ashenzari
Cheibriados
Dithmenos
Elyvilon
Fedhas
Gozag
Hepliaklqana
Kikubaaqudgha
Makhleb
Nemelex Xobeh
Okawaru
Qazlal
Ru
Sif Muna
Trog
Uskayaw
Vehumet
Wu Jian
Xom
Yredelemnul
Zin
The Shining One
Jiyva

Shops:
D:3 !=[:   D:4 =   Orc:2 ((([   Elf:2 [   Elf:3 :=:   Shoals:1 [   Shoals:2 ?
Shoals:3 [   Snake:4 [   Vaults:2 [   Vaults:5 ?!!??!   Depths:1 ?(

Portals:
Hell: Depths:1 Depths:2 Depths:4
Abyss: Depths:4

Annotations:
Elf:2 3 runed translucent doors
Hell Geryon


Innate Abilities, Weirdness & Mutations

You are a living statue of rough stone.
Your actions are slow, but your melee attacks are powerful.
You are resistant to unholy torment.
Your maximum health is greatly increased.
Your equipment is partially melded.
You are very small and have problems with some larger weapons.
You are too small for most types of armour.
You are immune to poison.
You have supernaturally acute eyesight. (SInv)
((You cover ground extremely quickly. (Speed+++)))
You have sharp toenails.
((You are partially covered in iridescent scales. (AC +2)))
Your mind is acute. (Int +4, Str/Dex -1)
Your flesh is heat resistant. (rF+)
Your magical capacity is low. (-10% MP)


Message History

You spin and attack the sun demon.
You hit the sun demon but do no damage.
The sun demon is almost dead.
You block the sun demon's attack.
The Tzitzimitl engulfs you but does no damage.
The Tzitzimitl misses you. The sun demon completely misses you.
The Tzitzimitl engulfs you but does no damage.
The Tzitzimitl misses you.
You spin and attack the Tzitzimitl repeatedly.
You hit the Tzitzimitl.
You claw the Tzitzimitl, but do no damage.
The Tzitzimitl is heavily wounded.
You impale the Tzitzimitl!! You claw the Tzitzimitl.
The Tzitzimitl is severely wounded.
You puncture the Tzitzimitl!
The Tzitzimitl is severely wounded.
You spin and attack the sun demon repeatedly.
You hit the sun demon but do no damage. You claw the sun demon.
The sun demon is almost dead.
You impale the sun demon!!
You kill the sun demon!
The Council accepts your kill. The Tzitzimitl completely misses you.
The Tzitzimitl bites you but does no damage.
You spin and attack the Tzitzimitl repeatedly.
You puncture the Tzitzimitl! You claw the Tzitzimitl!
The Tzitzimitl is almost dead.
You impale the Tzitzimitl!!
You kill the Tzitzimitl!
The Council accepts your kill.
Unknown command.
Casting: Summon Small Mammal (safe; 6% risk of failure)
Confirm with . or Enter, or press ? or * to list all spells.
HP restored.
Your rat disappears in a puff of smoke!
There is an open door here.
You open the door.
There is an open door here.
There is a staircase leading out of the dungeon here.
You can't go down here!
You have escaped!

.†...........#.#........#
.......#####.#.#######..#
.#...........#..........#
.###'###########'###########
.# #.#........'8.8+........#
.###.#........#...#........#
.....#...⌠....##'##....⌠...#
.######...................##
.# ######....8....###### .#
##.......##### .#
##########...# .#
#..........### .# ######
##########.# .# #....#
######.####### .# #....#
#............## .# #..).#
#......)......# .# #....#
#.............#


There were no monsters in sight!

Vanquished Creatures
  the Royal Jelly (Slime:5)
  4 pandemonium lords
  Tiamat (Zot:2)
  2 dread liches
  5 ancient liches
  3 orbs of fire (Zot:5)
  Mennas (Crypt:3)
  3 juggernauts
  5 royal mummies (Tomb:2)
  Parghit (Depths:4)
  Boris (Depths:4)
  8 Killer Klowns
  4 curse toes
  3 caustic shrikes (Depths:4)
  Nikola (Vaults:1)
  10 golden dragons
  A profane servitor (Crypt:3)
  Norris (Depths:3)
  3 doom hounds (Crypt:3)
  Jory (Crypt:3)
  3 bone dragons
  3 Tzitzimimeh
  3 electric golems
  A Brimstone Fiend (Zot:3)
  9 tentacled monstrosities
  5 liches
  A Hell Sentinel (Depths:1)
  An Ice Fiend (D:13)
  Grunn (Crypt:3)
  2 deep elf blademasters (Elf:3)
  33 Orb Guardians
  Asterion (Depths:2)
  A searing wretch (Hell)
  9 sphinxes
  A walking divine tome (Depths:3)
  12 acid blobs
  A walking frostbound tome (Abyss:4)
  2 deep elf master archers (Elf:3)
  A kraken (Shoals:3)
  3 titans
  2 Executioners (Depths:1)
  4 tentacled starspawn
  Polyphemus (Shoals:2)
  3 ancient champions
  3 death cobs
  Kirke (D:15)
  10 tengu reavers
  6 shadow dragons
  3 revenants
  16 storm dragons
  9 nagarajas
  9 fire giants
  Ilsuiw (Shoals:2)
  7 rockslimes
  9 frost giants
  9 azure jellies
  8 deep elf sorcerers
  5 draconian shifters
  11 draconian monks
  12 vault wardens
  3 draconian knights
  3 balrugs
  An iron dragon (Vaults:5)
  Louise (Snake:4)
  8 draconian scorchers
  2 curse skulls (Crypt:1)
  3 deep elf elementalists
  2 angels
  5 draconian annihilators
  3 ghouls
  6 draconian stormcallers
  2 ophanim (Abyss:4)
  2 orc warlords
  3 formless jellyfish
  16 ironbound preservers
  16 stone giants
  4 reapers
  27 very ugly things
  10 quicksilver oozes
  2 demonspawn blood saints
  8 ironbound thunderhulks
  9 vampire knights
  8 green draconians
  10 deep elf demonologists
  3 dire elephants
  6 black draconians
  4 bennus (Tomb:1)
  8 purple draconians
  12 deep elf death magi
  3 demonspawn black suns
  8 yellow draconians
  4 war gargoyles
  5 deep elf annihilators
  2 eidola
  11 red draconians
  6 lorocyprocas
  A minotaur (Gauntlet)
  6 white draconians
  9 ettins
  12 jiangshi
  13 fire dragons
  2 blizzard demons
  15 mummy priests
  A crystal guardian (Vaults:1)
  2 merfolk javelineers (Shoals:4)
  4 deep elf high priests
  13 merfolk impalers
  3 entropy weavers
  An entropy weaver (shapeshifter) (D:14)
  A spriggan zombie (Crypt:3)
  11 yaktaur captains
  4 rakshasas
  26 vault guards (Vaults:5)
  19 great orbs of eyes
  8 hydras
  2 peacekeepers
  A hell beast (Zot:3)
  3 spriggan air magi
  19 ice dragons
  11 ironbound frosthearts
  An alligator snapping turtle (Shoals:1)
  9 anacondas
  An ogre mage (Vaults:5)
  6 centaur warriors
  3 merfolk avatars
  4 merfolk aquamancers
  13 naga warriors
  2 catoblepae
  5 hell hogs
  10 two-headed ogres
  3 satyrs
  16 dancing weapons
  4 deep troll shamans
  37 death scarabs
  4 death yaks
  7 boulder beetles
  3 death knights
  3 tengu warriors
  4 deep troll earth magi
  An orc high priest (Orc:2)
  5 spriggan berserkers
  4 vampire magi
  2 occultists
  9 naga sharpshooters
  A demonic crawler (Depths:1)
  16 thrashing horrors
  11 shock serpents
  14 soul eaters
  6 wretched stars
  3 spectral death yaks (Lair:5)
  14 sun demons
  Nergalle (D:10)
  12 deep elf knights
  15 skeletal warriors
  6 skysharks
  7 salamander mystics (Snake:4)
  A skyshark (shapeshifter) (Elf:3)
  8 hell knights
  6 iron trolls
  3 shadow wraiths
  3 spatial maelstroms
  9 large abominations
  Lodul (D:14)
  2 cherubim (Abyss:4)
  8 naga ritualists
  3 shadow demons
  A death drake (Gauntlet)
  A spectral anaconda (Lair:5)
  A sea snake (shapeshifter) (Vaults:5)
  12 sea snakes
  An orange crystal statue (IceCv)
  46 deep trolls
  6 glowing orange brains
  13 arcanists
  6 lindwurms
  15 mana vipers
  A bog body (Crypt:1)
  An obsidian statue (Lair:5)
  11 necromancers
  17 deep elf archers
  31 deep elf pyromancers
  16 harpies
  14 starcursed masses
  8 phantasmal warriors
  2 orc knights
  11 ironbound convokers
  3 shining eyes
  8 manticores
  The ghost of pigah the Skirmisher, a novice FoHu (D:10)
  2 oklob plants (Lair:5)
  32 ugly things
  21 deep elf zephyrmancers
  A shining eye (shapeshifter) (Vaults:5)
  11 fauns
  An alligator skeleton (Crypt:1)
  4 orc sorcerers (Orc:2)
  15 salamanders
  2 spectral centaurs
  A worldbinder (Abyss:1)
  6 cyclopes
  A fire giant zombie (Depths:1)
  12 elephants
  A toenail golem (D:2)
  A black mamba (shapeshifter) (D:9)
  4 meliai
  A centaur zombie (Gauntlet)
  13 moths of wrath
  An eye of devastation (shapeshifter) (Vaults:4)
  A guardian serpent (shapeshifter) (Depths:4)
  2 guardian serpents
  A water nymph (shapeshifter) (Vaults:5)
  10 kobold blastminers
  10 merfolk sirens
  12 naga magi
  5 smoke demons
  33 black mambas
  7 water nymphs
  An ice statue (Snake:3)
  6 rust devils
  12 vault sentinels
  7 storm dragon simulacra (IceCv)
  11 cane toads
  2 gargoyles
  An eye of devastation (Slime:1)
  An unseen horror (shapeshifter) (D:9)
  A cane toad (shapeshifter) (Vaults:5)
  Maggie (D:6)
  A titan simulacrum (Crypt:3)
  A dire elephant skeleton (Lair:5)
  2 orange demons
  An iron troll zombie (Crypt:1)
  4 centaur skeletons
  8 freezing wraiths
  A rime drake (Lair:1)
  A green draconian zombie (Crypt:1)
  8 komodo dragons
  An unseen horror (D:9)
  A hellion (D:14)
  A kobold demonologist (Crypt:1)
  A torpor snail (Lair:5)
  20 yaktaurs
  2 tormentors
  A minotaur zombie (Crypt:1)
  A spark wasp simulacrum (Depths:1)
  A silent spectre (Crypt:1)
  37 merfolk
  A yellow draconian skeleton (Crypt:1)
  4 golden dragon simulacra (IceCv)
  2 tengu conjurers
  3 spriggan skeletons
  18 guardian mummies
  7 trolls
  4 wind drakes
  5 ancient zymes
  5 hellwings
  A troll (shapeshifter) (D:9)
  A harpy zombie (Crypt:1)
  Grinder (D:3)
  8 hornets
  2 raiju (shapeshifter)
  A spectral elephant (Lair:5)
  4 polar bears
  A boulder beetle zombie (Crypt:1)
  40 blink frogs
  2 glass eyes
  14 snapping turtles
  3 dream sheep (Shoals:1)
  80 slime creatures
  An ettin zombie (Tomb:2)
  8 raiju
  A centaur simulacrum (Crypt:1)
  A shadow (D:12)
  3 ynoxinuls
  A wyvern (Lair:5)
  79 yaks
  10 wraiths
  4 air elementals
  3 spriggans (Depths:3)
  14 water elementals
  8 ushabtiu
  A human (Lair:5)
  10 basilisks
  5 fire bats (D:9)
  8 golden eyes
  A golden eye (shapeshifter) (D:9)
  4 fire elementals
  A neqoxec (Abyss:1)
  2 steam dragons (D:7)
  3 wargs
  4 spatial vortices
  3 redbacks (Vaults:4)
  A redback simulacrum (D:15)
  2 chaos spawn
  11 vampire mosquitoes
  55 nagas
  An acid dragon (D:10)
  2 spectral cane toads (Lair:5)
  16 water moccasins
  13 hell hounds
  28 orc warriors
  3 sky beasts
  A black bear (Lair:3)
  6 ice beasts
  3 elephant zombies (Lair:5)
  33 laughing skulls
  10 small abominations
  20 wolves
  6 ice dragon simulacra (IceCv)
  20 ogres
  A boggart (Vaults:1)
  2 elephant skeletons (Lair:5)
  4 centaurs
  2 phantoms
  A kobold brigand (D:9)
  A weeping skull (Crypt:3)
  2 gnoll sergeants
  A brain worm (Abyss:1)
  15 bullfrogs
  5 scorpions
  5 necrophages
  3 earth elementals
  6 wights
  4 burial acolytes (Crypt:3)
  The ghost of Skitler the Covert, a weakling GnDe (D:3)
  4 lindwurm simulacra (IceCv)
  21 killer bees
  An electric eel (Lair:3)
  3 howler monkeys
  A quasit (Abyss:1)
  A gnoll bouda (D:7)
  A hound (D:7)
  23 orc priests
  Crazy Yiuf (D:6)
  A human zombie (Crypt:1)
  6 jellies
  2 iron imps (Abyss:1)
  4 iguanas
  3 sleepcaps
  35 orc wizards
  An ogre skeleton (Crypt:1)
  33 mummies
  Robin (D:4)
  15 adders
  17 gnolls
  A shadow imp (D:7)
  9 ufetubi
  10 dart slugs
  A ribbon worm (D:3)
  122 orcs
  10 ball pythons
  6 endoplasms
  9 giant cockroaches
  18 goblins
  4 hobgoblins
  7 kobolds
  6 quokkas
  7 bats
  A bombardier beetle zombie (Crypt:1)
  An endoplasm zombie (Crypt:1)
  14 frilled lizards
  2 rats
  2 butterflies
  A lurking horror (Abyss:1)
  3 spectral weapons (Zot:5)
  3 starspawn tentacles (Abyss:4)
2650 creatures vanquished.

Vanquished Creatures (collateral kills)
  A fire dragon (D:15)
  2 orcs (D:4)
  A giant cockroach (D:4)
4 creatures vanquished.

Vanquished Creatures (others)
  An orb of fire (Zot:5)
  Aizul (Snake:3)
  A black draconian (Zot:5)
  A deep elf demonologist (Elf:3)
  A vault guard (Vaults:5)
  An anaconda (Snake:4)
  A naga warrior (Snake:4)
  A dancing weapon (Elf:2)
  A shock serpent (Snake:4)
  A deep elf zephyrmancer (Elf:1)
  A salamander (Snake:4)
  A human (Crypt:1)
  A naga (Snake:4)
  3 ettin simulacra (Depths:3)
  An orc warrior (Orc:2)
  A small abomination (D:12)
  A glowing shapeshifter simulacrum (Depths:3)
  An orc priest (Orc:2)
  An orc wizard (Orc:2)
  2 ball lightnings (D:12)
  9 starspawn tentacles
32 creatures vanquished.

Grand Total: 2686 creatures vanquished

Notes
Turn   | Place    | Note
-------+----------+-------------------------------------------
     0 | D:1      | Minsecho the Spriggan Monk began the quest for the Orb.
     0 | D:1      | Reached XP level 1. HP: 11/11 MP: 2/2
   432 | D:1      | Reached XP level 2. HP: 16/16 MP: 3/3
  1120 | D:2      | Reached XP level 3. HP: 19/19 MP: 4/4
  1295 | D:2      | Reached skill level 5 in Dodging
  1768 | D:3      | Noticed Grinder
  2061 | D:3      | Found Qipuvuh's Jewellery Emporium.
  2079 | D:3      | Found Soufyun's Distillery.
  2087 | D:3      | Bought a potion of heal wounds for 65 gold pieces
  2216 | D:3      | Found a runed translucent door.
  2217 | D:3      | Noticed Skitler's ghost (weakling GnDe)
  2340 | D:3      | Reached XP level 4. HP: 23/23 MP: 5/5
  2519 | D:3      | Reached skill level 1 in Stealth
  2616 | D:4      | Noticed Robin
  2664 | D:4      | Killed Robin
  2665 | D:4      | Reached skill level 2 in Stealth
  2785 | D:4      | Found a glowing drain.
  2808 | Sewer    | Entered a sewer
  2906 | Sewer    | Reached XP level 5. HP: 14/28 MP: 6/6
  3124 | Sewer    | Reached skill level 3 in Stealth
  3224 | Sewer    | Reached skill level 5 in Short Blades
  3224 | Sewer    | Reached XP level 6. HP: 19/32 MP: 7/7
  3312 | D:4      | Found Kifozomo's Jewellery Boutique.
  3386 | D:4      | Found a broken altar of Ashenzari.
  3477 | D:4      | Noticed an ice beast
  3512 | D:4      | Found a blossoming altar of Fedhas.
  3819 | D:3      | Found Vucuinam's Antique Armour Emporium.
  3839 | D:3      | Killed Grinder
  3840 | D:3      | Reached skill level 5 in Stealth
  3840 | D:3      | Reached XP level 7. HP: 35/36 MP: 8/8
  4042 | D:3      | Learned a level 2 spell: Blink
  4052 | D:3      | Found a burning altar of Makhleb.
  4088 | D:3      | Found Roqean's Book Shop.
  4227 | D:3      | Found a bloodstained altar of Trog.
  4711 | D:4      | Reached skill level 6 in Stealth
  5009 | D:5      | Entered Level 5 of the Dungeon
  5030 | D:5      | Reached skill level 7 in Stealth
  5081 | D:5      | Reached XP level 8. HP: 39/42 MP: 9/9
  5732 | D:5      | Reached skill level 8 in Stealth
  5806 | D:5      | Found a staircase to the Ecumenical Temple.
  5810 | Temple   | Entered the Ecumenical Temple
  5841 | Temple   | Became a worshipper of the Wu Jian Council
  5841 | Temple   | Reached * piety under Wu Jian
  5841 | Temple   | Reached ** piety under Wu Jian
  6352 | D:6      | Noticed Maggie
  6379 | D:6      | Killed Maggie
  6380 | D:6      | Reached XP level 9. HP: 29/46 MP: 10/10
  6545 | D:6      | Learned a level 2 spell: Call Imp
  6691 | D:6      | Reached skill level 9 in Stealth
  6835 | D:6      | Found a runed translucent door.
  6836 | D:6      | Noticed Crazy Yiuf
  6854 | D:6      | Killed Crazy Yiuf
  7075 | D:3      | Killed Skitler's ghost
  7519 | D:7      | Reached skill level 1 in Evocations
  7610 | D:7      | Reached skill level 10 in Stealth
  7728 | D:7      | Found a white marble altar of Elyvilon.
  7871 | D:7      | Found a hazy altar of Hepliaklqana.
  8091 | D:7      | Identified a scroll of acquirement
  8091 | D:7      | Acquired the +8 Vampire's Tooth {megavamp}
  8091 | D:7      | Found the +8 Vampire's Tooth {megavamp}
  8167 | D:8      | Reached *** piety under Wu Jian
  8237 | D:8      | Found the +6 shillelagh "Devastator" {shatter}
  8238 | D:8      | Noticed a gargoyle
  8248 | D:8      | Killed a gargoyle
  8249 | D:8      | Reached skill level 11 in Stealth
  8249 | D:8      | Reached skill level 1 in Shields
  8249 | D:8      | Noticed a two-headed ogre
  8251 | D:8      | Noticed a two-headed ogre
  8259 | D:8      | Killed a two-headed ogre
  8260 | D:8      | Reached skill level 12 in Stealth
  8262 | D:8      | Killed a two-headed ogre
  8263 | D:8      | Reached skill level 5 in Fighting
  8263 | D:8      | Reached XP level 10. HP: 51/51 MP: 11/11
  8343 | D:8      | Noticed a two-headed ogre
  8358 | D:8      | Killed a two-headed ogre
  8359 | D:8      | Reached skill level 10 in Dodging
  8359 | D:8      | Reached skill level 13 in Stealth
  8383 | D:8      | Reached skill level 1 in Throwing
  8550 | D:8      | Reached skill level 10 in Short Blades
  8940 | D:9      | Found an iron altar of Okawaru.
  9008 | D:9      | Noticed a two-headed ogre
  9023 | D:9      | Killed a two-headed ogre
  9024 | D:9      | Reached skill level 14 in Stealth
  9024 | D:9      | Reached skill level 1 in Spellcasting
  9024 | D:9      | Reached skill level 1 in Translocations
  9101 | D:9      | Reached **** piety under Wu Jian
  9168 | D:9      | Found a snail-covered altar of Cheibriados.
  9168 | D:9      | Found a stormy altar of Qazlal.
  9191 | D:9      | Identified the +1 ring mail of Lust {Regen+ Dex+3}
  9196 | D:9      | Learned a level 3 spell: Confusing Touch
  9282 | D:9      | Noticed a deep elf pyromancer
  9286 | D:9      | Killed a deep elf pyromancer
  9288 | D:9      | Reached skill level 1 in Hexes
  9288 | D:9      | Reached XP level 11. HP: 56/56 MP: 16/16
  9293 | D:9      | Noticed a deep elf pyromancer
  9293 | D:9      | Noticed a deep elf archer
  9673 | D:9      | Noticed a deep elf archer
  9702 | D:9      | Killed a deep elf archer
  9770 | D:9      | Identified the +8 sling "Rotoe" {drain, rElec Dex+4}
  9783 | D:9      | Killed a deep elf archer
  9783 | D:9      | Reached ***** piety under Wu Jian
  9795 | D:9      | Noticed a deep elf pyromancer
  9869 | D:9      | Killed a deep elf pyromancer
 10014 | D:9      | an acid dragon changed into an entropy weaver
 10014 | D:9      | Noticed an entropy weaver (shapeshifter)
 10015 | D:9      | an entropy weaver changed into an unseen horror
 10101 | D:9      | Noticed a deep elf pyromancer
 10104 | D:9      | Killed a deep elf pyromancer
 10105 | D:9      | Reached skill level 15 in Stealth
 10105 | D:9      | Reached skill level 5 in Translocations
 10397 | D:10     | Entered Level 10 of the Dungeon
 10409 | D:10     | Noticed Nergalle
 10423 | D:10     | Killed Nergalle
 10560 | D:10     | Noticed a death yak
 10561 | D:10     | Noticed a death yak
 10562 | D:10     | Found a staircase to the Lair.
 10573 | D:10     | Noticed a death yak
 10631 | D:10     | Found a staircase to the Orcish Mines.
 11005 | D:10     | Reached skill level 1 in Shapeshifting
 11015 | D:10     | Reached skill level 5 in Spellcasting
 11194 | D:10     | Found a runed translucent gate.
 11194 | D:10     | Found a runed translucent gate.
 11194 | D:10     | Found a runed translucent gate.
 11197 | D:10     | Noticed pigah's ghost (novice FoHu)
 11214 | D:10     | Found a viscous altar of Jiyva.
 11555 | D:11     | You fall into a shaft and drop 1 floor!
 11646 | D:13     | Noticed a two-headed ogre
 11658 | D:13     | Killed a two-headed ogre
 11659 | D:13     | Reached XP level 12. HP: 61/61 MP: 20/20
 11768 | D:13     | Reached skill level 5 in Shapeshifting
 11794 | D:13     | Found a gate leading to a gauntlet.
 11822 | Gauntlet | Entered a Gauntlet
 11822 | Gauntlet | Found a transporter.
 11822 | Gauntlet | Found a transporter.
 11822 | Gauntlet | Found a transporter.
 11823 | Gauntlet | Found a transporter.
 11824 | Gauntlet | Found a transporter.
 11861 | Gauntlet | Found a transporter.
 11864 | Gauntlet | Found a transporter.
 11874 | Gauntlet | Found a transporter.
 11892 | Gauntlet | Noticed a death scarab
 11892 | Gauntlet | Noticed a death scarab
 11893 | Gauntlet | Found a transporter.
 11907 | Gauntlet | Found a transporter.
 11910 | Gauntlet | Found a transporter.
 11918 | Gauntlet | Found a transporter.
 12107 | Gauntlet | Identified the staff of Peril {rF+++ Str+3 Int-5 Conj}
 12151 | Gauntlet | Identified the ring "Tonus" {rC+ Dex+4}
 12176 | Gauntlet | Noticed a minotaur
 12213 | Gauntlet | Killed a minotaur
 12214 | Gauntlet | Reached skill level 16 in Stealth
 12218 | Gauntlet | Identified the -1 helmet of the Yeti {rF+ Will+ Str-3 SInv}
 12218 | Gauntlet | Identified the staff of Hubris {rF+ Int+6 Stlth+ Fire}
 12235 | D:13     | Gained mutation: You are clumsy. (Dex -2) [potion of
                  | mutation]
 12235 | D:13     | Gained mutation: Your muscles are strong. (Str +4, Int/Dex
                  | -1) [potion of mutation]
 12235 | D:13     | Gained mutation: You occasionally shout uncontrollably at
                  | your foes. [potion of mutation]
 12236 | D:13     | Lost mutation: You are clumsy. (Dex -2) [potion of
                  | mutation]
 12236 | D:13     | Lost mutation: Your muscles are strong. (Str +4, Int/Dex
                  | -1) [potion of mutation]
 12236 | D:13     | Gained mutation: You are vulnerable to cold. (rC-) [potion
                  | of mutation]
 12236 | D:13     | Gained mutation: You passively dampen the noise of your
                  | surroundings. [potion of mutation]
 12242 | D:13     | Lost mutation: You occasionally shout uncontrollably at
                  | your foes. [potion of mutation]
 12242 | D:13     | Lost mutation: You passively dampen the noise of your
                  | surroundings. [potion of mutation]
 12242 | D:13     | Gained mutation: You occasionally shout uncontrollably at
                  | your foes. [potion of mutation]
 12242 | D:13     | Gained mutation: You expend magic power (3 MP) to
                  | strengthen your wands. [potion of mutation]
 12243 | D:13     | Lost mutation: You occasionally shout uncontrollably at
                  | your foes. [potion of mutation]
 12243 | D:13     | Lost mutation: You expend magic power (3 MP) to strengthen
                  | your wands. [potion of mutation]
 12243 | D:13     | Gained mutation: You are covered in fur. (AC +1) [potion of
                  | mutation]
 12243 | D:13     | Gained mutation: You have an increased reservoir of magic.
                  | (+10% MP) [potion of mutation]
 12255 | D:13     | Noticed a centaur warrior
 12278 | D:13     | Noticed an eight-headed hydra
 12499 | D:11     | Noticed a two-headed ogre
 12501 | D:11     | Killed a two-headed ogre
 12668 | D:3      | Bought 2 potions of mutation for 208 gold pieces
 12668 | D:3      | Bought a potion of mutation for 104 gold pieces
 12668 | D:3      | Lost mutation: You have an increased reservoir of magic.
                  | (+10% MP) [potion of mutation]
 12668 | D:3      | Lost mutation: You are vulnerable to cold. (rC-) [potion of
                  | mutation]
 12668 | D:3      | Lost mutation: You are covered in fur. (AC +1) [potion of
                  | mutation]
 12668 | D:3      | Gained mutation: You have a pair of small antennae on your
                  | head. [potion of mutation]
 12668 | D:3      | Gained mutation: Your mind is acute. (Int +4, Str/Dex -1)
                  | [potion of mutation]
 12668 | D:3      | Gained mutation: You are agile. (Dex +4, Str/Int -1)
                  | [potion of mutation]
 12978 | Lair:1   | Entered Level 1 of the Lair of Beasts
 13096 | Lair:1   | Noticed a six-headed hydra
 13141 | Lair:1   | Reached ****** piety under Wu Jian
 13321 | Lair:1   | Killed a six-headed hydra
 13621 | Lair:1   | You fall into a shaft and drop 1 floor!
 13703 | Lair:2   | Reached XP level 13. HP: 67/67 MP: 22/22
 13815 | Lair:2   | Found a staircase to the Snake Pit.
 13912 | Lair:3   | Reached skill level 17 in Stealth
 14501 | Lair:5   | Entered Level 5 of the Lair of Beasts
 14583 | Lair:5   | Noticed a dire elephant
 14584 | Lair:5   | Noticed a dire elephant
 14991 | Lair:5   | Reached XP level 14. HP: 64/75 MP: 23/23
 15047 | Lair:5   | Found a viscous altar of Jiyva.
 15081 | Lair:5   | Reached skill level 18 in Stealth
 15798 | Lair:5   | Reached skill level 10 in Fighting
 15843 | Lair:5   | Got an earthy gem with 1865 turns to spare
 15965 | Lair:5   | Identified the +5 arbalest of Rujemoli {freeze, Str+4
                  | Int-2}
 17974 | Lair:2   | Reached skill level 19 in Stealth
 18004 | Lair:3   | Found a staircase to the Shoals.
 18948 | Lair:5   | Found a runed translucent door.
 18948 | Lair:5   | Noticed a tentacled starspawn
 19302 | Lair:5   | Found a staircase to the Slime Pits.
 20234 | D:14     | Noticed Lodul
 20244 | D:14     | Killed Lodul
 20245 | D:14     | Reached XP level 15. HP: 83/83 MP: 24/24
 20330 | D:15     | Entered Level 15 of the Dungeon
 20334 | D:15     | Found a staircase to the Depths.
 20461 | D:15     | Got a smoky gem with 54 turns to spare
 20478 | D:15     | Identified the +10 sling of No Interval {heavy, rCorr
                  | Dex+2}
 20534 | D:15     | Identified the ring "Fauff" {rF- rCorr MP+9 Str+6}
 20703 | D:13     | Reached skill level 15 in Short Blades
 21119 | D:13     | Found a gate to the Vaults.
 21123 | D:13     | Reached skill level 20 in Stealth
 21388 | D:14     | Learned a level 1 spell: Freeze
 21849 | D:15     | Noticed Kirke
 21866 | D:15     | Killed Kirke
 22246 | Orc:1    | Entered Level 1 of the Orcish Mines
 22654 | D:4      | Bought the ring of Uskatz {rF+ Dex+3 Slay+4} for 1376 gold
                  | pieces
 22781 | Orc:2    | Entered Level 2 of the Orcish Mines
 22782 | Orc:2    | Found a staircase to the Elven Halls.
 22989 | Orc:2    | Found a flickering gateway to a bazaar.
 23019 | Orc:2    | Reached skill level 21 in Stealth
 23324 | Bazaar   | Entered a bazaar
 23342 | Bazaar   | Found Beshafan's Weapon Shoppe.
 23362 | Bazaar   | Found Eschiacw's Assorted Antiques.
 23378 | Bazaar   | Found Qiafyin's Distillery.
 23378 | Bazaar   | Found Dofusef's Jewellery Emporium.
 23442 | Bazaar   | Bought a small peridot ring for 125 gold pieces
 23442 | Bazaar   | Bought an ancient dagger for 175 gold pieces
 23442 | Bazaar   | Identified the +9 dagger "Egg" {protect, *Noise Will+ Str+2
                  | Int+3} (You bought it in a shop in a bazaar)
 23482 | Bazaar   | Bought a potion of invisibility for 80 gold pieces
 23482 | Bazaar   | Bought a potion of haste for 100 gold pieces
 23482 | Bazaar   | Bought a potion of curing for 30 gold pieces
 23482 | Bazaar   | Bought a potion of curing for 30 gold pieces
 23525 | Orc:2    | Found Jihic's Antique Weapon Boutique.
 23582 | Orc:2    | Found Cioxyic's Antique Armour Boutique.
 23592 | Orc:2    | Found Pemipp's Antique Weapon Shop.
 23602 | Orc:2    | Bought a glowing hat for 147 gold pieces
 23917 | Orc:2    | Found Genweyka's Antique Weapon Boutique.
 24432 | Snake:1  | Entered Level 1 of the Snake Pit
 24438 | Snake:1  | Reached skill level 5 in Shields
 24530 | Snake:1  | Got Ifexo's Cyclopedia of Bad Luck and Detritus
 25092 | Snake:1  | Reached XP level 16. HP: 88/88 MP: 25/25
 25417 | Snake:3  | Reached skill level 22 in Stealth
 25472 | Snake:3  | Found a shimmering altar of Xom.
 25485 | Snake:3  | Identified the serpent talisman of Riafuore {rF- Str+9
                  | Dex-2 SInv}
 25485 | Snake:3  | Noticed Aizul
 25729 | Snake:3  | Killed Aizul
 25943 | Snake:3  | Found a glacial archway.
 25960 | IceCv    | Entered an ice cave
 25991 | IceCv    | Reached skill level 15 in Dodging
 26196 | IceCv    | Reached skill level 5 in Evocations
 26260 | IceCv    | Noticed a golden dragon
 26446 | IceCv    | Identified the ring of Dishonesty {Fire *Slow rElec Int-2
                  | SInv}
 26448 | IceCv    | Identified the ring of the Oily God {Fire MP+9 Str+5}
 26588 | IceCv    | Killed a golden dragon
 26778 | Snake:3  | Identified the +1 orcbow "Vemoakhu" {freeze, Str+3}
 26929 | Snake:4  | Entered Level 4 of the Snake Pit
 26969 | Snake:4  | Reached skill level 23 in Stealth
 27125 | Snake:4  | Noticed Louise
 27156 | Snake:4  | Killed Louise
 27257 | Snake:4  | Found a sacrificial altar of Ru.
 27378 | Snake:4  | Reached XP level 17. HP: 95/95 MP: 27/27
 28252 | Snake:4  | Got a jade gem with 74 turns to spare
 28262 | Snake:4  | Got a serpentine rune of Zot
 28936 | Snake:2  | Learned a level 4 spell: Leda's Liquefaction
 29201 | Snake:2  | Reached skill level 1 in Alchemy
 30080 | Snake:4  | Found Ifaobb's Antique Armour Boutique.
 30365 | Shoals:1 | Entered Level 1 of the Shoals
 30370 | Shoals:1 | Reached skill level 1 in Earth Magic
 30864 | Shoals:2 | Reached skill level 24 in Stealth
 30891 | Shoals:2 | Noticed Ilsuiw
 31038 | Shoals:3 | Learned a level 4 spell: Cause Fear
 31156 | Shoals:4 | Entered Level 4 of the Shoals
 31644 | Shoals:4 | Reached XP level 18. HP: 86/101 MP: 28/28
 31906 | Shoals:4 | Identified the +4 flail of Yjoaq {vamp, rPois rC+ Will-
                  | Str+6}
 32096 | Shoals:4 | Reached skill level 5 in Hexes
 32529 | Shoals:4 | Got an azure gem with 94 turns to spare
 32532 | Shoals:4 | Got a barnacled rune of Zot
 32676 | Shoals:3 | Found Xeuguss's Armour Emporium.
 33121 | Shoals:2 | Learned a level 3 spell: Inner Flame
 33142 | Shoals:1 | Found Xohuba's Armour Emporium.
 33154 | Shoals:1 | Identified the +4 dagger of the Assorted Dances {distort,
                  | Dex+7}
 33306 | Shoals:1 | Identified the +0 animal skin of the Everdark {Str+4
                  | Slay+5}
 33434 | Shoals:1 | Reached skill level 5 in Alchemy
 33601 | Shoals:1 | Bought the +3 warlock's mirror {omnireflect} for 560 gold
                  | pieces
 33601 | Shoals:1 | Found the +3 warlock's mirror {omnireflect}
 33644 | Shoals:1 | Learned a level 4 spell: Petrify
 34390 | Shoals:2 | Noticed Polyphemus
 34432 | Shoals:2 | Killed Polyphemus
 34465 | Shoals:2 | Found Gusul's Magic Scroll Emporium.
 34576 | Shoals:2 | Killed Ilsuiw
 34951 | Shoals:3 | Noticed an Ice Fiend
 35117 | Shoals:3 | Identified the +5 ring mail "Amemm" {Will+}
 35634 | Elf:1    | Entered Level 1 of the Elven Halls
 36149 | Elf:1    | Found an ancient bone altar of Kikubaaqudgha.
 36165 | Elf:1    | Reached XP level 19. HP: 92/107 MP: 29/29
 36368 | Elf:3    | Entered Level 3 of the Elven Halls
 36381 | Elf:3    | Found Meczid's Book Boutique.
 36381 | Elf:3    | Found Gurgh's Jewellery Emporium.
 36384 | Elf:3    | Found Heukipp's Book Boutique.
 36393 | Elf:3    | Bought a book of Vapours for 416 gold pieces
 36396 | Elf:3    | Learned a level 2 spell: Mercury Vapours
 36400 | Elf:3    | Learned a level 3 spell: Mephitic Cloud
 36533 | Elf:3    | Reached skill level 25 in Stealth
 36617 | Elf:3    | Identified the +2 robe "Votor" {rC- rN+ rCorr Int+3}
 37003 | Elf:3    | Got a shimmering gem with 897 turns to spare
 37297 | Elf:3    | Identified the +10 scimitar "Focar" {freeze, Int+2}
 37304 | Elf:3    | Identified the +2 morningstar of Turmoil {holy, ^Drain rF+
                  | rC++}
 37321 | Elf:3    | Identified the +4 whip "Jellybane" {venom, rN+ Stlth+}
 37483 | Elf:3    | Found the amulet of Vitality {RegenMP++ Regen++}
 37803 | Elf:3    | Identified the +8 great sword of the Genius {elec, rCorr
                  | Str+6}
 37807 | Elf:3    | Identified the ring of Nyemp {*Slow rElec rF+ Str+6 Int+3}
 37839 | Elf:3    | Got the Notes on Freezing
 37857 | Elf:3    | Identified the +3 ring mail of Greed {rCorr SInv}
 38971 | Elf:2    | Found a runed translucent gate.
 38972 | Elf:2    | Found a runed translucent gate.
 38972 | Elf:2    | Found a runed translucent gate.
 38994 | Elf:2    | Learned a level 3 spell: Ozocubu's Armour
 39038 | Elf:2    | Reached skill level 15 in Fighting
 39124 | Elf:2    | Found Haitea's Armour Boutique.
 40131 | D:10     | Killed pigah's ghost
 40687 | D:12     | Reached skill level 1 in Ice Magic
 41445 | Vaults:1 | Entered Level 1 of the Vaults
 41953 | Vaults:1 | Reached XP level 20. HP: 113/113 MP: 31/31
 42093 | Vaults:1 | Noticed Nikola
 42096 | Vaults:1 | Killed Nikola
 42517 | Vaults:1 | Identified the +1 hand axe of Fimbulwinter {heavy, Will+
                  | SInv}
 42749 | Vaults:2 | Found Zaeh's Armour Shop.
 43253 | Vaults:3 | Reached skill level 26 in Stealth
 44043 | D:4      | Bought the beast talisman of the Red Skies {rElec rF- rN+
                  | Will+} for 952 gold pieces
 44710 | Vaults:4 | Reached skill level 10 in Hexes
 45537 | Vaults:5 | Entered Level 5 of the Vaults
 45569 | Vaults:5 | Reached XP level 21. HP: 119/119 MP: 32/32
 45616 | Vaults:5 | Reached skill level 10 in Alchemy
 45654 | Vaults:5 | Found Anuron's Magic Scroll Emporium.
 45654 | Vaults:5 | Found Ragioph Icwu's Distillery.
 45680 | Vaults:5 | Noticed an ancient lich
 45727 | Vaults:5 | Killed an ancient lich
 45752 | Vaults:5 | Noticed a golden dragon
 45757 | Vaults:5 | Killed a golden dragon
 45787 | Vaults:5 | Noticed a golden dragon
 45799 | Vaults:5 | Killed a golden dragon
 45800 | Vaults:5 | Reached skill level 10 in Shapeshifting
 45831 | Vaults:5 | Found Naegutys's Magic Scroll Shoppe.
 45842 | Vaults:5 | Found Qojoeddu's Distillery.
 45846 | Vaults:5 | Bought a potion of heal wounds for 55 gold pieces
 45846 | Vaults:5 | Bought a potion of curing for 33 gold pieces
 45900 | Vaults:5 | Found Kudgheji's Distillery.
 45915 | Vaults:5 | Found Fehy's Magic Scroll Shop.
 45959 | Vaults:5 | Noticed a golden dragon
 45965 | Vaults:5 | Killed a golden dragon
 46030 | Vaults:5 | Identified the +4 dagger "Fero" {drain, +Blink rN+ Str+3
                  | Int-4}
 46055 | Vaults:5 | Identified the ring of Huniloj {rC+ rN+ Str+3 Int+4}
 46102 | Vaults:5 | Noticed a dread lich
 46105 | Vaults:5 | Killed a dread lich
 46180 | Vaults:5 | Got a silver rune of Zot
 46184 | Vaults:5 | Got a shining gem with 1232 turns to spare
 46198 | Vaults:5 | Identified the ring "Rudable" {rPois rC++ rCorr Dex-5
                  | Slay+4}
 46572 | Vaults:5 | Bought 2 potions of heal wounds for 200 gold pieces
 46572 | Vaults:5 | Bought a potion of curing for 60 gold pieces
 46857 | Vaults:5 | Reached XP level 22. HP: 126/126 MP: 33/33
 47318 | Vaults:3 | Reached skill level 27 in Stealth
 47865 | Vaults:2 | Identified the +10 scimitar of the Crawling Thing {freeze,
                  | *Slow Int+4 Dex+3 SInv}
 47903 | Vaults:2 | Found a staircase to the Crypt.
 47972 | Vaults:2 | Identified the +2 leather armour "Rapalif" {rC+}
 48869 | Slime:1  | Entered Level 1 of the Pits of Slime
 48955 | Slime:1  | Reached skill level 10 in Shields
 49082 | Slime:1  | Gained mutation: You occasionally shout uncontrollably at
                  | your foes. [a shining eye]
 49335 | Lair:5   | Got the Atlas of the Morbid Evil Eye
 49752 | Depths:1 | Entered Level 1 of the Depths
 50086 | Slime:5  | Entered Level 5 of the Pits of Slime
 50136 | Slime:5  | Noticed the Royal Jelly
 50168 | Slime:5  | Killed the Royal Jelly
 50243 | Slime:5  | Identified the +7 chain mail of the Land of Plenty {rF++}
 50245 | Slime:5  | Got a starry gem with 253 turns to spare
 50249 | Slime:5  | Got a slimy rune of Zot
 50255 | Slime:5  | Got the Catalogue of the Snowflakes and Leadership
 50293 | Slime:5  | Got the Parchment of the Cemetery and Frost
 50352 | Slime:5  | Identified the staff of Loshedyk {Stlth+ Earth}
 50361 | Slime:5  | Identified the +7 morningstar of Wedasoc {drain, Str+4
                  | Stlth-}
 50366 | Slime:5  | Identified the +3 hand axe of Nuafar {vamp, rElec}
 50456 | Slime:4  | Gained mutation: Your health recovers twice as slowly from
                  | being drained. [a shining eye]
 50458 | Slime:4  | Gained mutation: Your spells are a little easier to cast,
                  | but a little less powerful. [a shining eye]
 50702 | Elf:1    | Lost mutation: You are agile. (Dex +4, Str/Int -1) [potion
                  | of mutation]
 50702 | Elf:1    | Lost mutation: Your spells are a little easier to cast, but
                  | a little less powerful. [potion of mutation]
 50702 | Elf:1    | Lost mutation: Your health recovers twice as slowly from
                  | being drained. [potion of mutation]
 50702 | Elf:1    | Lost mutation: Your mind is acute. (Int +4, Str/Dex -1)
                  | [potion of mutation]
 50703 | Elf:1    | Lost mutation: You have a pair of small antennae on your
                  | head. [potion of mutation]
 50703 | Elf:1    | Lost mutation: You occasionally shout uncontrollably at
                  | your foes. [potion of mutation]
 50703 | Elf:1    | Gained mutation: Your flesh is heat resistant. (rF+)
                  | [potion of mutation]
 51118 | Depths:1 | Found a gateway to Hell.
 51198 | Hell     | Entered the Vestibule of Hell
 51198 | Hell     | Noticed Geryon
 51316 | Depths:1 | Reached XP level 23. HP: 133/133 MP: 34/34
 51345 | Depths:1 | Found the +4 robe of Folly {Brill Will-∞ Int+8}
 51349 | Depths:1 | Noticed a juggernaut
 51350 | Depths:1 | Identified the amulet of Cowardice {Acrobat Harm Will-
                  | Str-2 Dex+7}
 51364 | Depths:1 | Killed a juggernaut
 51373 | Depths:1 | Got the Teachings on United Power
 51379 | Depths:1 | Got the Volume of the Vexing Gang
 51382 | Depths:1 | Learned a level 1 spell: Slow
 51593 | Depths:1 | Found Ymodd's Magic Scroll Shop.
 51595 | Depths:1 | Found Bikkedix's Weapon Boutique.
 51931 | Depths:2 | Noticed Asterion
 51938 | Depths:2 | Killed Asterion
 52114 | Depths:3 | Noticed a juggernaut
 52131 | Depths:3 | Killed a juggernaut
 52144 | Depths:3 | Found a sparkling altar of Nemelex Xobeh.
 52182 | Depths:3 | Noticed Norris
 52198 | Depths:3 | Killed Norris
 52204 | Depths:4 | Entered Level 4 of the Depths
 52204 | Depths:4 | Noticed Parghit
 52207 | Depths:4 | Noticed a juggernaut
 52219 | Depths:4 | Killed a juggernaut
 52220 | Depths:4 | Killed Parghit
 52315 | Depths:4 | Noticed Boris
 52328 | Depths:4 | Killed Boris
 52348 | Depths:4 | Noticed a caustic shrike
 52348 | Depths:4 | Noticed a caustic shrike
 52352 | Depths:4 | Noticed a caustic shrike
 52360 | Depths:4 | Killed a caustic shrike
 52364 | Depths:4 | Killed a caustic shrike
 52366 | Depths:4 | Killed a caustic shrike
 52406 | Depths:4 | Found a one-way gate to the infinite horrors of the Abyss.
 52493 | Depths:4 | Voluntarily entered the Abyss.
 52763 | Abyss:1  | Reached XP level 24. HP: 134/137 MP: 34/34
 52879 | Abyss:1  | Found a corrupted altar of Lugonu.
 52880 | Abyss:1  | Found a corrupted altar of Lugonu.
 52880 | Abyss:1  | Found a corrupted altar of Lugonu.
 52891 | Abyss:1  | Paralysed by accursed screaming for 1 turns
 53052 | Abyss:1  | Found a corrupted altar of Lugonu.
 53200 | Abyss:1  | Found a corrupted altar of Lugonu.
 53475 | Abyss:1  | Found a corrupted altar of Lugonu.
 53627 | Abyss:3  | Found a corrupted altar of Lugonu.
 53711 | Abyss:4  | Found a corrupted altar of Lugonu.
 53721 | Abyss:4  | Found a corrupted altar of Lugonu.
 53785 | Abyss:4  | Found a corrupted altar of Lugonu.
 53900 | Abyss:4  | Got an abyssal rune of Zot
 53914 | Abyss:4  | Found a glowing golden altar of the Shining One.
 53919 | Abyss:4  | Found a glowing golden altar of the Shining One.
 53941 | Abyss:4  | Found a glowing golden altar of the Shining One.
 53954 | Depths:4 | Escaped the Abyss
 53986 | Depths:4 | Found a gate to the Realm of Zot.
 54049 | Depths:4 | Got a midnight gem with 2011 turns to spare
 54051 | Zot:1    | Entered Level 1 of the Realm of Zot
 54101 | Zot:1    | Identified the +8 hand axe of the Eternal Warrior {holy,
                  | rPois rC+ Int+3}
 54113 | Zot:1    | Reached skill level 15 in Shapeshifting
 54291 | Zot:2    | Found the +4 dragonskin cloak
 54291 | Zot:2    | Noticed Tiamat
 54291 | Zot:2    | Noticed a Killer Klown
 54321 | Zot:2    | Killed a Killer Klown
 54336 | Zot:2    | Killed Tiamat
 54401 | Zot:1    | Noticed an orb of fire
 54401 | Zot:1    | You fall into a shaft and drop 1 floor!
 54958 | Crypt:1  | Entered Level 1 of the Crypt
 55078 | Crypt:1  | Reached XP level 25. HP: 147/147 MP: 35/35
 55505 | Crypt:1  | Found a runed door.
 55606 | Crypt:1  | Noticed an ancient lich
 55607 | Crypt:1  | Noticed an ancient lich
 55611 | Crypt:1  | Killed an ancient lich
 55619 | Crypt:1  | Identified the ring of Odozun {rPois MP+9 Int+4 Slay+2}
 55629 | Crypt:1  | Learned a level 2 spell: Ensorcelled Hibernation
 55633 | Crypt:1  | Learned a level 3 spell: Swiftness
 55633 | Crypt:1  | Identified the ring of Gepsaraegh {rElec Str+3 Int+2 Dex-4
                  | Slay+4}
 55647 | Crypt:1  | Killed an ancient lich
 55655 | Crypt:1  | Identified the ring "Ofyxt" {rElec Dex+6}
 55660 | Crypt:1  | Acquired the +1 hat "Sout" {rC+ Dex+6}
 55838 | Crypt:3  | Entered Level 3 of the Crypt
 55898 | Crypt:3  | Noticed Mennas
 55915 | Crypt:3  | Killed Mennas
 55924 | Crypt:3  | Found a basalt altar of Yredelemnul.
 55990 | Crypt:3  | Noticed Grunn
 56000 | Crypt:3  | Killed Grunn
 56036 | Crypt:3  | Found a staircase to the Tomb.
 56036 | Crypt:3  | Noticed Jory
 56044 | Crypt:3  | Killed Jory
 56047 | Crypt:3  | Got an ivory gem with 276 turns to spare
 57437 | Tomb:1   | Entered Level 1 of the Tomb of the Ancients
 57758 | Tomb:2   | Noticed a royal mummy
 57758 | Tomb:2   | Noticed a royal mummy
 57770 | Tomb:2   | Noticed a royal mummy
 57771 | Tomb:2   | Killed a royal mummy
 57774 | Tomb:2   | Killed a royal mummy
 57782 | Tomb:1   | Noticed a royal mummy
 57784 | Tomb:1   | Noticed a royal mummy
 57784 | Tomb:1   | Noticed a royal mummy
 57784 | Tomb:1   | Noticed a royal mummy
 58100 | Tomb:2   | Noticed a royal mummy
 58100 | Tomb:2   | Noticed a royal mummy
 58115 | Tomb:2   | Killed a royal mummy
 58125 | Tomb:2   | Reached XP level 26. HP: 154/154 MP: 35/35
 58143 | Tomb:2   | Killed a royal mummy
 58143 | Tomb:2   | HP: 10/200 [death scarab (17)]
 58158 | Tomb:2   | Killed a royal mummy
 58375 | Tomb:1   | Noticed a royal mummy
 58375 | Tomb:1   | Noticed a royal mummy
 58377 | Tomb:1   | Noticed a royal mummy
 59017 | D:3      | Bought a potion of haste for 130 gold pieces
 59872 | Zot:5    | Entered Level 5 of the Realm of Zot
 59985 | Zot:5    | Got a prismatic gem with 285 turns to spare
 60007 | Zot:5    | Noticed an ancient lich
 60024 | Zot:5    | Killed an ancient lich
 60080 | Zot:5    | Noticed an orb of fire
 60094 | Zot:5    | Noticed an orb of fire
 60104 | Zot:5    | Killed an orb of fire
 60110 | Zot:5    | Gained mutation: Your magical capacity is low. (-10% MP)
                  | [an orb of fire]
 60111 | Zot:5    | Killed an orb of fire
 60272 | Zot:5    | Noticed an orb of fire
 60297 | Zot:5    | Killed an orb of fire
 60301 | Zot:5    | Noticed an orb of fire
 60307 | Zot:5    | Noticed a dread lich
 60309 | Zot:5    | Killed an orb of fire
 60315 | Zot:5    | Killed a dread lich
 60327 | Zot:5    | Noticed an ancient lich
 60340 | Zot:5    | Killed an ancient lich
 60363 | Zot:5    | Got the Orb of Zot
 60478 | Zot:4    | Learned a level 3 spell: Tukima's Dance
 60496 | Zot:4    | Noticed a seraph
 60575 | Zot:3    | Reached XP level 27. HP: 160/160 MP: 32/32
 60760 | Zot:1    | Gained mutation: You occasionally lose the ability to read
                  | scrolls when taking damage. [an orb of fire]
 60767 | Zot:1    | Gained mutation: You are vulnerable to cold. (rC-) [an orb
                  | of fire]
 60779 | Zot:1    | Lost mutation: You occasionally lose the ability to read
                  | scrolls when taking damage. [potion of mutation]
 60779 | Zot:1    | Lost mutation: You are vulnerable to cold. (rC-) [potion of
                  | mutation]
 60779 | Zot:1    | Gained mutation: You have sharp toenails. [potion of
                  | mutation]
 60779 | Zot:1    | Gained mutation: Your mind is acute. (Int +4, Str/Dex -1)
                  | [potion of mutation]
 60779 | Zot:1    | Gained mutation: You are partially covered in iridescent
                  | scales. (AC +2) [potion of mutation]
 61248 | D:12     | Noticed Woava the pandemonium lord
 61261 | D:12     | Killed Woava the pandemonium lord
 61267 | D:12     | Noticed Yloicis the pandemonium lord
 61280 | D:12     | Killed Yloicis the pandemonium lord
 61312 | D:11     | Noticed Petob the pandemonium lord
 61349 | D:11     | Killed Petob the pandemonium lord
 61602 | D:3      | Noticed Xif Egh the pandemonium lord
 61618 | D:3      | Noticed Qymasso the pandemonium lord
 61634 | D:3      | Killed Qymasso the pandemonium lord
 61760 | D:1      | Learned a level 1 spell: Summon Small Mammal
 61861 | D:$      | Escaped with the Orb!

Illustrated notes

Levels and vault maps discovered:
D:1:      giann_wishing_wells, layout_basic, minmay_misc_feat_tiny,
          minmay_cut_off
D:2:      layout_loops_ring, minmay_misc_feat_encased
D:3:      layout_basic, mainiacjoe_overflow_alcove_1,
          mainiacjoe_overflow_brackets, ebering_ghost_reflecting_pool,
          serial_shops, nicolae_square_shop, shop, shop,
          nicolae_shop_statue_plus, uniq_grinder
D:4:      layout_basic, ashenzari_altar_1, fedhas_altar_3, serial_shops, shop,
          portal_sewer_entry_f, kennysheep_pointless_box,
          hangedman_minor_gate_pass, uniq_robin
D:5:      layout_loops_ring, temple_hall_moat, st_stairs_1
D:6:      layout_gridville, nicolae_wand_duel, sigmund_army, uniq_maggie,
          uniq_crazy_yiuf_cottage
D:7:      layout_basic, nicolae_hepliaklqana_hazy_memory, pf_just_have_faith,
          serial_library_hellmonk_semicircle
D:8:      layout_loops_ring, dilly_guarded_unrand_devastator
D:9:      dpeg_index_elf_rogue_hall, layout_irregular_city,
          mainiacjoe_overflow_concentric_impassable,
          gammafunk_temple_overflow_elements
D:10:     layout_long_grid, dpeg_lair_monsters, hiddenorc2_lemuel,
          gammafunk_ghost_ooze, uniq_nergalle
D:11:     layout_loops_ring, dk_vineyard_2
D:12:     layout_layer_cave
D:13:     layout_loops_cross, david_vaults_1, gauntlet_entry_generic, eino_jars
D:14:     layout_loops_ring, chequers_serial_rivers_micro_c, uniq_lodul
D:15:     grunt_enter_depths_hoard, layout_cave_pools, hex_tiny, uniq_kirke
Temple:   oiseaux_autumnal_temple
Lair:1:   layout_hall_layers, beast_lair_carwin_7, lemuel_fruit_fields,
          lemuel_fruit_tree
Lair:2:   layout_gridlike, alex1729_snake_entry_snake, grunt_megastairs_5,
          infiniplex_staircase_pool_2
Lair:3:   nzn_winding_woodlands_three_and_one
          [nzn_winding_woodlands_5x15_crooked,
          nzn_winding_woodlands_5x15_lazy_stream,
          nzn_winding_woodlands_5x15_pool, nzn_winding_woodlands_center_garden],
          layout_gridlike, elwin_shoals_entry_stream
Lair:4:   layout_long_grid, lemuel_fruit_fields
Lair:5:   due_jungle_book, layout_cave_pods, minmay_slime_entry_oklob_open,
          pdpol_lair_cabin_in_the_woods
Shoals:1: argonaut_golden_fleece, layout_shoals, serial_shops, shop
Shoals:2: layout_shoals, serial_shops, nicolae_shop_rolling_square, uniq_ilsuiw,
          uniq_polyphemus
Shoals:3: nicolae_shoals_deep_elves_summer_vacation, layout_shoals,
          nicolae_shoals_c_island
Shoals:4: shoals_end_simple, layout_shoals, argonaut_gorgonesque
Snake:1:  layout_misc_corridors
Snake:2:  nicolae_snake_crotalidae_crossing, layout_misc_corridors
Snake:3:  layout_misc_corridors, basic_altar,
          portal_ice_cave_entry_ice_statue_one, uniq_aizul
Snake:4:  johnstein_snake_rune_scales, layout_onion, basic_altar, serial_shops,
          shop, grunt_megastairs_1, serial_bayou_shore_a, uniq_louise
Slime:1:  layout_caves, nicolae_slime_getting_an_eyeful
Slime:2:  layout_caves
Slime:3:  layout_caves, cheibrodos_slime_lost_civilization_7, uniq_dissolution
Slime:4:  layout_caves
Slime:5:  slime_pit_nicolae_block_by_block
Orc:1:    layout_caves, serial_shops, blackcustard_mines_bat_river
Orc:2:    grunt_orc_community_town_hall, layout_diamond_mine,
          grunt_orc_community_big_house_1, grunt_orc_community_big_house_1,
          grunt_orc_community_house_2, grunt_orc_community_house_2,
          grunt_orc_community_house_1, grunt_orc_community_house_3,
          grunt_orc_community_house_2, grunt_orc_community_house_3,
          serial_shops, bzr_entry_islet
Elf:1:    eino_elf_arrival_customs, layout_loops_corners, basic_altar,
          nicolae_elf_crossing_hall
Elf:2:    nicolae_elf_blades_crystal_corner, layout_rooms, serial_shops,
          nicolae_shop_temple_entry_statues_fountains
Elf:3:    elf_hall_gauntlet_wide, layout_loops_cross, minmay_shop_grove
Vaults:1: nicolae_vaults_storage_room_doors, vaults_dpeg_doors,
          nicolae_vaults_trapezoid_3, nicolae_vaults_twisting_passages,
          nicolae_vaults_big_angled_halls, nicolae_vaults_more_shelving_2,
          nicolae_vaults_trapezoid_1, layout_vaults_quadrants, uniq_nikola
Vaults:2: serial_library_hellmonk_open_cross, minmay_crypt_entry_simple_sparse,
          ontoclasm_vaults_decontamination, v_pattern_2,
          hangedman_vaults_stagger, nicolae_vaults_house_1, grunt_vaults_focal,
          vaults_dpeg_ring, nicolae_vaults_three_branches,
          vaults_room_door_ring, nicolae_vaults_network_s,
          nicolae_vaults_apartment_1, vaults_room_stairs_pillars,
          layout_vaults_omnicross, serial_shops, shop
Vaults:3: ontoclasm_vaults_ring_large, vaults_dpeg_emergency_exit,
          nicolae_vaults_steering_wheel, hangedman_vaults_stretched_pinwheel,
          nicolae_vaults_network_quinsquares
          [nicolae_vaults_network_quincunx_subvault,
          nicolae_vaults_network_quincunx_subvault,
          nicolae_vaults_network_quincunx_subvault,
          nicolae_vaults_network_quincunx_subvault],
          nicolae_vaults_mini_display_case, ontoclasm_vaults_ligature,
          hangedman_vaults_slice, nicolae_vaults_circle_grid_a,
          nicolae_vaults_closet_pinwheel_5, nicolae_vaults_surprise_closet,
          layout_vaults_maze
Vaults:4: nicolae_vaults_hallways_thing, nicolae_vaults_two_Ls,
          serial_library_hellmonk_open_cross, nicolae_vaults_border_crossing,
          nicolae_vaults_ring_of_whatevers, nicolae_vaults_display_case,
          ontoclasm_vaults_claustrophobia, serial_library_hellmonk_open_square,
          nicolae_vaults_diamond_2, vaults_mumra_minichess,
          nicolae_vaults_surprise_closet, v_misc_23,
          ontoclasm_vaults_loading_screen, vaults_dpeg_hooks,
          vaults_room_door_hall, nicolae_vaults_little_squares_6,
          vaults_room_grid, layout_vaults_omnibox
Vaults:5: serial_shops
Crypt:1:  evilmike_wizard_prison, layout_gridlike,
          grunt_crypt_arrival_guarded_gate, grunt_megastairs_2
Crypt:2:  layout_misc_corridors
Crypt:3:  grunt_crypt_end_deaths_head, uniq_grunn, uniq_mennas, uniq_margery
Tomb:1
Tomb:2
Depths:1: layout_roguey, enter_ziggurat_e, hellmouth_3, tso_altar,
          minmay_the_grid_square_5x5_3x3_mashed
          [minmay_the_grid_square_5x5_inner_i,
          minmay_the_grid_square_5x5_dogpile,
          minmay_the_grid_square_5x5_doubleslash, minmay_the_grid_square_5x5_v,
          minmay_the_grid_square_5x5_megaprize_diamond,
          minmay_the_grid_square_5x5_meh, minmay_the_grid_square_5x5_bite,
          minmay_the_grid_square_5x5_three_small,
          minmay_the_grid_square_5x5_detours], minmay_shoptagon,
          serial_bayou_shore_b
Depths:2: minmay_inside_and_out, layout_honeycomb, eino_curves_02,
          rand_demon_pan_entry_7, hangedman_geh_valley, uniq_asterion
Depths:3: grunt_profane_halls [grunt_profane_loot, grunt_profane_temple_tar,
          grunt_profane_temple_coc, grunt_profane_temple_dis,
          grunt_profane_temple_geh], hell_entry, abyss_entry, pan_entry,
          uniq_norris, uniq_sojobo, uniq_josephina
Depths:4: grunt_crosshair, layout_cave_pools, serial_sigils_hangedman_gut,
          abyss_entry, hell_entry, minmay_shop_enchanted_jewellery,
          minmay_misc_feat_secret_circle, uniq_boris, uniq_parghit
Hell
Zot:1:    dreamdust_black_sun_cult, layout_misc_corridors, grunt_ministairs_3,
          regret_index_zotdec_tunneler
Zot:2:    layout_cellular_growth, gammafunk_ghost_grave, grunt_ministairs_4,
          regret_index_zotdec_serpentine_scales, uniq_tiamat
Zot:3:    layout_gridlike, regret_index_zotdec_carving_tricks,
          hangedman_zot_decor_unnerving_road
Zot:4:    layout_concentric_octagons, lemuel_baited_zot_trap,
          regret_index_zotdec_dark_gr
Zot:5:    layout_twisted_circle

Skill      XL: |  1  2  3  4  5  6  7  8  9 10 11 12 13 14 15 16 17 18 19 20 21 22 23 24 25 26 27 |
---------------+----------------------------------------------------------------------------------+-----
Dodging        | 5 6 8 9 10 11 12 13 14 15 16 17 18 19 21 22 23 24 | 24.8
Fighting       | 3 4 5 6 7 9 11 12 13 14 15 16 17 19 20 21 | 21.8
Short Blades   | 4 5 7 8 9 10 11 12 14 15 16 17 18 19 20 21 | 21.7
Stealth        | 2 3 5 7 8 12 14 15 16 17 19 21 23 24 25 26 27 | 27.0
Evocations     | 1 2 3 4 5 6 |  6.2
Shields        | 1 2 3 4 5 6 7 8 9 10 11 12 13 | 13.7
Throwing       | 1 |  1.6
Spellcasting   | 3 5 6 7 8 |  8.1
Translocations | 3 5 6 7 |  7.0
Hexes          | 1 4 7 9 10 12 | 12.1
Shapeshifting  | 4 7 9 10 12 14 15 18 21 22 | 22.6
Alchemy        | 3 6 8 9 10 11 | 11.1
Earth Magic    | 2 4 |  4.7
Ice Magic      | 2 4 |  4.0
Conjurations   | |  0.6
Summonings     | |  0.8
Air Magic      | |  0.4

Action                     |  1- 3 |  4- 6 |  7- 9 | 10-12 | 13-15 | 16-18 | 19-21 | 22-24 | 25-27 || total
---------------------------+-------+-------+-------+-------+-------+-------+-------+-------+-------++-------
  Melee: Short sword       |    58 |       |       |       |       |       |       |       |       ||    58
         Quick blade       |    97 |    89 |    14 |  1049 |  2219 |  3013 |  2754 |  3069 |  1794 || 14098
         Dagger            |       |   174 |   453 |       |    12 |       |       |       |       ||   639
         Punch             |       |       |     4 |    16 |    35 |       |       |       |       ||    55
         Rapier            |       |       |       |       |       |       |       |   668 |  1373 ||  2041
         Kick              |       |       |       |       |       |       |       |       |   191 ||   191
  Throw: Throwing net      |     1 |     3 |     1 |     3 |       |     1 |       |       |       ||     9
         Boomerang         |       |       |       |     4 |     1 |       |       |       |       ||     5
         Dart              |       |       |       |       |     1 |       |       |       |       ||     1
   Cast: Confusing Touch   |       |       |       |     1 |     1 |       |       |       |       ||     2
         Call Imp          |       |       |       |     1 |       |     1 |       |       |       ||     2
         Blink             |       |       |       |     2 |     5 |     3 |     3 |     6 |    12 ||    31
         Cause Fear        |       |       |       |       |       |     3 |     2 |       |       ||     5
         Mephitic Cloud    |       |       |       |       |       |       |     6 |       |       ||     6
         Leda's Liquefacti |       |       |       |       |       |       |     2 |     1 |       ||     3
         Ozocubu's Armour  |       |       |       |       |       |       |     1 |       |       ||     1
         Summon Small Mamm |       |       |       |       |       |       |       |       |    24 ||    24
 Invoke: Heavenly Storm    |       |       |       |       |       |       |     1 |     5 |     6 ||    12
         Serpent's Lash    |       |       |       |       |       |       |     2 |     8 |     5 ||    15
Ability: Whirlwind         |       |       |    11 |    86 |   149 |   307 |   457 |  1300 |   849 ||  3159
         Lunge             |       |       |    12 |    48 |   113 |   157 |   124 |   198 |   110 ||   762
  Evoke: Wand              |       |       |    12 |     6 |    27 |    34 |     3 |     4 |     3 ||    89
         Condenser vane    |       |       |       |       |       |     1 |       |       |       ||     1
         Box of beasts     |       |       |       |       |       |       |       |     1 |       ||     1
         Phantom mirror    |       |       |       |       |       |       |       |     1 |       ||     1
         Lightning rod     |       |       |       |       |       |       |       |       |     1 ||     1
    Use: Scroll            |     5 |     2 |    10 |     7 |     5 |     5 |    10 |     4 |    21 ||    69
         Potion            |       |     2 |       |     7 |     4 |     7 |     7 |    10 |    13 ||    50
   Stab: Sleeping          |       |     1 |    12 |    39 |    72 |    72 |    77 |    31 |    32 ||   336
         Held in net/web   |       |     3 |       |     5 |       |       |       |       |       ||     8
         Distracted        |       |       |     2 |     7 |    14 |    22 |    12 |    13 |    15 ||    85
         Confused          |       |       |       |     1 |     1 |       |     3 |       |       ||     5
         Betrayed ally     |       |       |       |       |     1 |       |       |       |       ||     1
         Invisible         |       |       |       |       |       |     4 |     3 |       |       ||     7
         Petrified         |       |       |       |       |       |     2 |       |       |       ||     2
         Petrifying        |       |       |       |       |       |     1 |       |       |       ||     1
 Armour: Robe              |    31 |    72 |    59 |       |    13 |   233 |   153 |   274 |    14 ||   849
         Steam dragon scal |       |       |     7 |   110 |   155 |       |       |       |       ||   272
         Skin              |       |       |       |       |       |       |       |    10 |   450 ||   460
  Dodge: Dodged            |    79 |   188 |   216 |   345 |   621 |   885 |   691 |  1181 |  2371 ||  6577
  Block: Other             |       |       |    21 |    59 |    90 |       |       |       |       ||   170
         Reflection        |       |       |       |     1 |    16 |    88 |    37 |    32 |    68 ||   242
         Buckler           |       |       |       |       |   138 |   635 |   391 |   541 |  1044 ||  2749
   Form: Beast             |       |       |       |     2 |       |     2 |     2 |       |     1 ||     7
                           |       |       |       |     1 |       |     2 |     1 |       |       ||     4
         Statue            |       |       |       |       |       |       |       |     1 |     2 ||     3
